 Dungeon Crawl Stone Soup version 0.28-a0-381-g937acc2988 (webtiles) character file.

Game seed: 16525565204265974104

17635 frimble the Prestidigitator (level 12, -3/92 HPs)
             Began as a Gnoll Artificer on Sept 2, 2021.
             Was an Elder of Cheibriados.
             Slain by an eight-headed hydra (14 damage)
             ... on level 2 of the Lair of Beasts.
             The game lasted 00:22:14 (9474 turns).

frimble the Prestidigitator (Gnoll Artificer)       Turns: 9474, Time: 00:22:15

Health: -3/92      AC:  7    Str: 23    XL:     12   Next: 50%
Magic:  20/23      EV: 19    Int: 31    God:    Cheibriados [****..]
Gold:   526        SH:  0    Dex: 28    Spells: 18/25 levels left

rFire   . . .      SeeInvis .   b - +6 flail (venom)
rCold   . . .      Faith    .   (no shield)
rNeg    . . .      Spirit   .   C - +0 troll leather armour
rPois   .          Reflect  .   n - +1 helmet
rElec   .          Harm     .   (no cloak)
rCorr   .          Rampage  .   (no gloves)
Will    .....                   (no boots)
Stlth   ++++......              k - amulet of regeneration
HPRegen 2.25/turn               l - +6 ring of dexterity
MPRegen 0.18/turn               m - +6 ring of intelligence

@: freezing walls, very slow
A: fangs 1, strong nose, distributed training
a: Renounce Religion, Bend Time, Temporal Distortion, Slouch


You were on level 2 of the Lair of Beasts.
You worshipped Cheibriados.
Cheibriados was greatly pleased with you.
You visited 3 branches of the dungeon, and saw 14 of its levels.

You collected 575 gold pieces.
You spent 49 gold pieces at shops.

Inventory:

Hand Weapons
 a - a +1 dagger of electrocution
 b - a +6 flail of venom (weapon)
 i - a +2 falchion of holy wrath
Missiles
 s - 19 poisoned darts (quivered)
 w - a throwing net
Armour
 n - a +1 helmet (worn)
 y - a +1 leather armour of fire resistance
 C - a +0 troll leather armour (worn)
Jewellery
 k - an amulet of regeneration (around neck)
 l - a +6 ring of dexterity (left hand)
 m - a +6 ring of intelligence (right hand)
 z - a ring of poison resistance
 D - a +4 ring of slaying
Wands
 c - a wand of flame (8)
 j - a wand of iceblast (13)
 A - a wand of paralysis (7)
Scrolls
 d - a scroll of fog
 g - 3 scrolls of enchant weapon
 o - a scroll of identify
 v - 3 scrolls of magic mapping
Potions
 f - 3 potions of brilliance
 h - 2 potions of haste
 p - a potion of resistance
 q - a potion of attraction
 t - a potion of degeneration
 u - 3 potions of mutation
 x - a potion of berserk rage
 E - 2 potions of cancellation {unknown}
Miscellaneous
 e - a piece from Xom's chessboard (15/15)


   Skills:
 + Level 7.8 Fighting
 + Level 7.3 Short Blades
 + Level 7.3 Long Blades
 + Level 7.3 Axes
 + Level 7.3 Maces & Flails
 + Level 7.3 Polearms
 + Level 7.3 Staves
 + Level 7.3 Slings
 + Level 7.3 Bows
 + Level 7.3 Crossbows
 + Level 7.3 Throwing
 + Level 8.7 Armour
 + Level 7.8 Dodging
 + Level 7.8 Stealth
 + Level 7.3 Shields
 + Level 7.3 Unarmed Combat
 + Level 7.3 Spellcasting
 + Level 6.1 Conjurations
 + Level 6.1 Hexes
 + Level 6.1 Summonings
 + Level 6.1 Necromancy
 + Level 6.1 Translocations
 + Level 6.1 Transmutations
 + Level 6.1 Fire Magic
 + Level 6.1 Ice Magic
 + Level 6.1 Air Magic
 + Level 6.1 Earth Magic
 + Level 6.1 Poison Magic
 + Level 8.0 Invocations
 + Level 9.9 Evocations


You had 18 spell levels left.
You knew the following spells:

 Your Spells              Type           Power      Damage    Failure   Level
a - Summon Lightning Spi  Summ/Air       49%        N/A       3%          4
b - Frozen Ramparts       Ice            98%        1d11      1%          3

Your spell library contained the following spells:

 Spells                   Type           Power      Damage    Failure   Level
 Freeze                   Ice            100%       1d11      1%          1
 Portal Projectile        Hex/Tloc       98%        N/A       1%          3
 Airstrike                Air            24%        N/A       3%          4
 Hailstorm                Conj/Ice       49%        3d11      3%          4
 Ice Form                 Ice/Tmut       49%        N/A       3%          4
 Summon Ice Beast         Ice/Summ       49%        N/A       3%          4
 Blade Hands              Tmut           24%        N/A       11%         5
 Excruciating Wounds      Necr           24%        N/A       11%         5
 Lightning Bolt           Conj/Air       24%        1d40      11%         5
 Borgnjor's Revivificati  Necr           24%        N/A       100%        8
 Necromutation            Tmut/Necr      24%        N/A       100%        8
 Death's Door             Necr           24%        N/A       100%        9


Dungeon Overview and Level Annotations

Branches:
Dungeon (11/15)            Temple (1/1) D:5            Lair (2/6) D:11
  Snake (0/4) Lair:2
  Swamp: Lair:2-4    Shoals: Lair:2-4       Orc: D:9-12

Altars:
Ashenzari
Cheibriados
Dithmenos
Elyvilon
Fedhas
Gozag
Hepliaklqana
Kikubaaqudgha
Makhleb
Nemelex Xobeh
Okawaru
Qazlal
Ru
Sif Muna
Trog
Uskayaw
Vehumet
Wu Jian
Xom
Zin
The Shining One

Shops:
D:4 ?   D:6 !


Innate Abilities, Weirdness & Mutations

You have very sharp teeth.
Your uncanny sense of smell can sniff out nearby items.
Your experience applies equally to all skills.


Message History

You barely miss the eight-headed hydra. The eight-headed hydra bites you!
The eight-headed hydra completely misses you.
The eight-headed hydra bites you!
The eight-headed hydra barely misses you. x4
The eight-headed hydra bites you!
You are too injured to fight recklessly!
You are too injured to fight recklessly!
You are too injured to fight recklessly!
You are too injured to fight recklessly!
Casting: Summon Lightning Spire (dangerous; 3% risk of failure)
Confirm with . or Enter, or press ? or * to list all spells.
Casting: Frozen Ramparts (safe; 1% risk of failure)
Press: ? - help, Dir - look around, f - activate The walls around you are covered in ice.
The wall freezes the eight-headed hydra.
The eight-headed hydra seems to slow down.
The eight-headed hydra closely misses you.
The eight-headed hydra bites you but does no damage.
The eight-headed hydra bites you! x2
The eight-headed hydra completely misses you.
The eight-headed hydra bites you! The eight-headed hydra bites you. x2
* * * LOW HITPOINT WARNING * * *
Okay, then.
Unknown command.
Okay, then.
Unknown command.
Okay, then.
Unknown command.
Aiming: Paralyse
Press: ? - help, Shift-Dir - straight line, f - eight-headed hydra
Aim: an eight-headed hydra (lightly wounded, slow, chance to affect: 37%)
The eight-headed hydra resists with some effort.
The wall freezes the eight-headed hydra!
The eight-headed hydra seems to slow down.
The eight-headed hydra bites you!
* * * LOW HITPOINT WARNING * * *
The eight-headed hydra bites you.
* * * LOW HITPOINT WARNING * * *
The eight-headed hydra bites you!
You die...

.................
.................#
....#......#.....# #
#............P...#.#..
#.....#..............#
#.....................
.##..................P.#
..#.#...#..............#
.............?..@#.#..
...>....P..#.....D.#
.................P.....
.##........P...#.#......
.##.......##...#...#.#..
.#..P...#.##.....P......
.##...#...#..........#.#
....P.#............#....
.................#.....#


You could see an eight-headed hydra (slow).

Vanquished Creatures
  Erolcha (D:9)
  A centaur warrior (D:10)
  A two-headed ogre (D:7)
  A skeletal warrior (D:11)
  Pikel (D:5)
  A guardian serpent (Lair:2)
  A black mamba (Lair:2)
  A rime drake (Lair:1)
  2 cane toads (Lair:2)
  A polar bear (Lair:2)
  A troll (D:10)
  4 wyverns
  26 yaks
  Eustachio (D:5)
  Edmund (D:4)
  A warg (D:11)
  6 water moccasins
  A black bear (D:4)
  An orc warrior (D:9)
  A sky beast (D:7)
  3 ogres
  2 necrophages
  2 centaurs
  3 phantoms
  A kobold brigand (D:9)
  Blork the orc (D:5)
  A lemure (D:5)
  6 bullfrogs
  2 wyvern zombies
  A scorpion (D:5)
  A wyvern skeleton (D:5)
  15 killer bees
  6 wights (D:7)
  2 howler monkeys
  5 centaur zombies
  3 hounds
  5 gnolls
  6 orc priests
  A jelly (D:6)
  A centaur skeleton (D:4)
  8 orc wizards
  2 iguanas (D:6)
  Robin (D:2)
  5 adders
  2 ufetubi (D:4)
  2 worms
  19 orcs
  6 endoplasms
  3 giant cockroaches
  14 goblins
  6 hobgoblins
  16 jackals
  8 kobolds
  A quokka (D:1)
  7 ball pythons
  6 bats
  3 frilled lizards
  4 rats
234 creatures vanquished.

Vanquished Creatures (collateral kills)
  A hydra (Lair:2)
  Joseph (D:7)
  7 yaks
  A warg (D:11)
  A water moccasin (Lair:2)
  2 orc warriors
  A sky beast (D:7)
  A centaur (D:7)
  A bullfrog (D:7)
  4 killer bees
  3 wights (D:7)
  A bullfrog zombie (D:5)
  2 gnoll shamans
  4 orc wizards
  2 gnolls (D:7)
  A shadow imp (D:7)
  27 orcs
  A goblin (D:2)
  A hobgoblin (D:2)
  A frilled lizard (D:2)
63 creatures vanquished.

Vanquished Creatures (others)
  A steam dragon (D:7)
  2 yaks (D:6)
  A killer bee (D:7)
  A gnoll (D:5)
  2 goblins (D:2)
  6 fungi
  7 plants
20 creatures vanquished.

Grand Total: 317 creatures vanquished

Notes
Turn   | Place    | Note
-------+----------+-------------------------------------------
     0 | D:1      | frimble the Gnoll Artificer began the quest for the Orb.
     0 | D:1      | Reached XP level 1. HP: 17/17 MP: 1/1
   512 | D:1      | Reached XP level 2. HP: 12/23 MP: 2/2
  1597 | D:2      | Reached XP level 3. HP: 28/28 MP: 3/3
  1920 | D:2      | Noticed Robin
  1926 | D:2      | Reached skill level 1 in Invocations
  1980 | D:2      | Killed Robin
  1981 | D:2      | Reached skill level 1 in Short Blades
  1981 | D:2      | Reached skill level 1 in Long Blades
  1981 | D:2      | Reached skill level 1 in Axes
  1981 | D:2      | Reached skill level 1 in Maces & Flails
  1981 | D:2      | Reached skill level 1 in Polearms
  1981 | D:2      | Reached skill level 1 in Staves
  1981 | D:2      | Reached skill level 1 in Slings
  1981 | D:2      | Reached skill level 1 in Bows
  1981 | D:2      | Reached skill level 1 in Crossbows
  1981 | D:2      | Reached skill level 1 in Throwing
  1981 | D:2      | Reached skill level 1 in Shields
  1981 | D:2      | Reached skill level 1 in Unarmed Combat
  1981 | D:2      | Reached skill level 1 in Spellcasting
  1993 | D:2      | Found a faded altar of an unknown god.
  2036 | D:2      | Reached XP level 4. HP: 34/34 MP: 5/5
  3063 | D:3      | Reached skill level 1 in Conjurations
  3063 | D:3      | Reached skill level 1 in Hexes
  3063 | D:3      | Reached skill level 1 in Summonings
  3063 | D:3      | Reached skill level 1 in Necromancy
  3063 | D:3      | Reached skill level 1 in Translocations
  3063 | D:3      | Reached skill level 1 in Transmutations
  3063 | D:3      | Reached skill level 1 in Fire Magic
  3063 | D:3      | Reached skill level 1 in Ice Magic
  3063 | D:3      | Reached skill level 1 in Air Magic
  3063 | D:3      | Reached skill level 1 in Earth Magic
  3063 | D:3      | Reached skill level 1 in Poison Magic
  3155 | D:4      | Noticed a phantom
  3160 | D:4      | Killed a phantom
  3161 | D:4      | Reached XP level 5. HP: 41/41 MP: 5/7
  3329 | D:4      | Noticed a phantom
  3337 | D:4      | Killed a phantom
  3338 | D:4      | Reached skill level 5 in Armour
  3338 | D:4      | Reached XP level 6. HP: 44/47 MP: 8/8
  3476 | D:4      | Noticed a black bear
  3485 | D:4      | Noticed Edmund
  3492 | D:4      | Killed a black bear
  3506 | D:4      | Killed Edmund
  3507 | D:4      | Reached skill level 7 in Evocations
  3507 | D:4      | Reached XP level 7. HP: 22/52 MP: 10/10
  3612 | D:4      | Found Bissats's Magic Scroll Emporium.
  3620 | D:4      | Bought a scroll of magic mapping for 49 gold pieces
  4126 | D:5      | Entered Level 5 of the Dungeon
  4165 | D:5      | Reached XP level 8. HP: 59/60 MP: 12/12
  4270 | D:5      | Noticed Pikel
  4346 | D:5      | Killed Pikel
  4666 | D:5      | Reached XP level 9. HP: 57/60 MP: 14/14
  4678 | D:5      | Noticed Blork the orc
  4733 | D:5      | Your ally died
  4910 | D:5      | Noticed Eustachio
  4954 | D:5      | Killed Eustachio
  5345 | D:5      | Found a staircase to the Ecumenical Temple.
  5361 | Temple   | Entered the Ecumenical Temple
  5458 | Temple   | Became a worshipper of Cheibriados the Contemplative
  5669 | D:6      | Reached skill level 5 in Fighting
  5669 | D:6      | Reached skill level 5 in Dodging
  5913 | D:6      | Reached skill level 5 in Stealth
  5972 | D:6      | Found Cunogot's Distillery.
  6015 | D:6      | Reached skill level 8 in Evocations
  6054 | D:6      | Reached skill level 5 in Invocations
  6342 | D:7      | Reached XP level 10. HP: 50/74 MP: 17/17
  6350 | D:7      | Reached * piety under Cheibriados
  6361 | D:7      | Found a burning altar of Makhleb.
  6372 | D:7      | Reached skill level 5 in Short Blades
  6372 | D:7      | Reached skill level 5 in Long Blades
  6372 | D:7      | Reached skill level 5 in Axes
  6372 | D:7      | Reached skill level 5 in Maces & Flails
  6372 | D:7      | Reached skill level 5 in Polearms
  6372 | D:7      | Reached skill level 5 in Staves
  6372 | D:7      | Reached skill level 5 in Slings
  6372 | D:7      | Reached skill level 5 in Bows
  6372 | D:7      | Reached skill level 5 in Crossbows
  6372 | D:7      | Reached skill level 5 in Throwing
  6372 | D:7      | Reached skill level 5 in Shields
  6372 | D:7      | Reached skill level 5 in Unarmed Combat
  6372 | D:7      | Reached skill level 5 in Spellcasting
  6405 | D:7      | Noticed Joseph
  6509 | D:8      | Learned a level 4 spell: Summon Lightning Spire
  6556 | D:7      | Reached ** piety under Cheibriados
  6561 | D:7      | Your ally died
  6772 | D:7      | Noticed a two-headed ogre
  6798 | D:7      | Killed a two-headed ogre
  7289 | D:8      | Reached *** piety under Cheibriados
  7290 | D:8      | Reached XP level 11. HP: 42/83 MP: 19/19
  7305 | D:8      | Reached skill level 9 in Evocations
  7528 | D:8      | Learned a level 3 spell: Frozen Ramparts
  7610 | D:9      | Reached skill level 5 in Conjurations
  7610 | D:9      | Reached skill level 5 in Hexes
  7610 | D:9      | Reached skill level 5 in Summonings
  7610 | D:9      | Reached skill level 5 in Necromancy
  7610 | D:9      | Reached skill level 5 in Translocations
  7610 | D:9      | Reached skill level 5 in Transmutations
  7610 | D:9      | Reached skill level 5 in Fire Magic
  7610 | D:9      | Reached skill level 5 in Ice Magic
  7610 | D:9      | Reached skill level 5 in Air Magic
  7610 | D:9      | Reached skill level 5 in Earth Magic
  7610 | D:9      | Reached skill level 5 in Poison Magic
  7731 | D:9      | Noticed Erolcha
  7742 | D:9      | Killed Erolcha
  7742 | D:9      | Reached **** piety under Cheibriados
  8089 | D:10     | Entered Level 10 of the Dungeon
  8545 | D:10     | Noticed a centaur warrior
  8560 | D:10     | Killed a centaur warrior
  8717 | D:11     | Found a staircase to the Lair.
  8806 | D:11     | Noticed a skeletal warrior
  8820 | D:11     | Killed a skeletal warrior
  8856 | Lair:1   | Entered Level 1 of the Lair of Beasts
  8915 | Lair:1   | You fall into a shaft and drop 1 floor!
  8937 | Lair:2   | Reached XP level 12. HP: 62/91 MP: 2/22
  9175 | Lair:2   | Noticed a five-headed hydra
  9188 | Lair:2   | Killed a five-headed hydra
  9327 | Lair:2   | Found a burning altar of Makhleb.
  9457 | Lair:2   | Found a staircase to the Snake Pit.
  9466 | Lair:2   | Noticed an eight-headed hydra
  9474 | Lair:2   | Slain by an eight-headed hydra

Illustrated notes

Levels and vault maps discovered:
D:1:      doesnt_arrival_eight_statues, layout_rooms, minmay_split_cup_large
D:2:      layout_loops_corners, shapermc_ecumenical_altar_venn, uniq_robin
D:3:      layout_loops_ring
D:4:      layout_loops_corners, serial_shops, shop, uniq_edmund
D:5:      layout_basic, minmay_temple_entry_overgrown, kennysheep_windowed_goal,
          uniq_eustachio, uniq_pikel, uniq_blork_the_orc
D:6:      layout_loops_ring, serial_shops, nicolae_take_the_stairs
D:7:      layout_rooms, overflow_temple_1_default, serial_glass,
          glass_columns_a, glass_columns_c, uniq_joseph
D:8:      layout_rooms
D:9:      layout_cave_pools, uniq_erolcha
D:10:     layout_roguey
D:11:     layout_roguey, erik_lair_orcish_takeover, erik_orc_1, serial_shops,
          nicolae_lakefront_shop, serial_aquarium, aquarium_bridge_long_joined
          [aquarium_subvault_wall, aquarium_subvault_bridge,
          aquarium_subvault_wall, aquarium_subvault_bridge,
          aquarium_subvault_bridge, aquarium_subvault_window],
          aquarium_window_fake, aquarium_window_1, aquarium_view_2f,
          aquarium_view_2c, aquarium_balcony_3a, aquarium_pool_five,
          nicolae_shop_firing_range
Temple:   regret_index_temple_sigil_plot
Lair:1:   layout_layer_cave, infiniplex_staircase_pool_2
Lair:2:   layout_long_grid, minmay_snake_entry_spellcaster, basic_altar,
          grunt_megastairs_5

Skill      XL: |  1  2  3  4  5  6  7  8  9 10 11 12 |
---------------+-------------------------------------+-----
Invocations    | 1 2 3 4 5 6 7 8 |  8.0
Short Blades   | 1 2 3 4 5 6 7 |  7.3
Long Blades    | 1 2 3 4 5 6 7 |  7.3
Axes           | 1 2 3 4 5 6 7 |  7.3
Maces & Flails | 1 2 3 4 5 6 7 |  7.3
Polearms       | 1 2 3 4 5 6 7 |  7.3
Staves         | 1 2 3 4 5 6 7 |  7.3
Slings         | 1 2 3 4 5 6 7 |  7.3
Bows           | 1 2 3 4 5 6 7 |  7.3
Crossbows      | 1 2 3 4 5 6 7 |  7.3
Throwing       | 1 2 3 4 5 6 7 |  7.3
Shields        | 1 2 3 4 5 6 7 |  7.3
Unarmed Combat | 1 2 3 4 5 6 7 |  7.3
Spellcasting   | 1 2 3 4 5 6 7 |  7.3
Conjurations   | 1 2 3 4 5 6 |  6.1
Hexes          | 1 2 3 4 5 6 |  6.1
Summonings     | 1 2 3 4 5 6 |  6.1
Necromancy     | 1 2 3 4 5 6 |  6.1
Translocations | 1 2 3 4 5 6 |  6.1
Transmutations | 1 2 3 4 5 6 |  6.1
Fire Magic     | 1 2 3 4 5 6 |  6.1
Ice Magic      | 1 2 3 4 5 6 |  6.1
Air Magic      | 1 2 3 4 5 6 |  6.1
Earth Magic    | 1 2 3 4 5 6 |  6.1
Poison Magic   | 1 2 3 4 5 6 |  6.1
Fighting       | 3 4 5 6 7 |  7.8
Dodging        | 3 4 5 6 7 |  7.8
Armour         | 5 6 7 8 |  8.7
Stealth        | 3 4 5 6 7 |  7.8
Evocations     | 7 8 9 |  9.9

Action                   |  1- 3 |  4- 6 |  7- 9 | 10-12 || total
-------------------------+-------+-------+-------+-------++-------
Melee: Club              |    96 |       |       |       ||    96
       Bite              |     8 |    12 |    33 |    70 ||   123
       Dagger            |    56 |   152 |   302 |    58 ||   568
       Punch             |     1 |       |     2 |    16 ||    19
       Flail             |       |       |       |   287 ||   287
Throw: Dart              |       |     7 |    56 |    23 ||    86
       Throwing net      |       |       |     1 |       ||     1
 Cast: Summon Lightning  |       |       |       |    23 ||    23
       Frozen Ramparts   |       |       |       |     6 ||     6
Invok: Bend Time         |       |       |       |     2 ||     2
       Slouch            |       |       |       |     3 ||     3
Evoke: Wand              |     9 |       |    11 |    12 ||    32
  Use: Scroll            |     5 |     2 |     4 |    10 ||    21
       Potion            |       |       |       |     5 ||     5
 Stab: Sleeping          |       |       |     2 |     5 ||     7
       Distracted        |       |       |       |     3 ||     3
Armor: Leather armour    |    16 |       |    16 |    97 ||   129
       Scale mail        |    42 |    74 |    72 |       ||   188
       Troll leather arm |       |       |       |    40 ||    40
Dodge: Dodged            |    98 |    81 |   141 |   440 ||   760

Table legend: (Time is in decaauts)
 A = Elapsed time spent in this place.
 B = Non-inter-level travel time spent in this place.
 C = Inter-level travel time spent in this place.
 D = Time resting spent in this place.
 E = Time spent auto-exploring this place.
 F = Levels seen in this place.
 G = Mean time per level.
                   A        B        C        D        E       F      G
               +--------+--------+--------+--------+--------+-----+--------+
         Total |  10792 |  10281 |    511 |     15 |   7776 |  14 |  770.9 |
       Dungeon |   9842 |   9367 |    475 |     15 |   7083 |  11 |  894.7 |
        Temple |    125 |     90 |     35 |      0 |     72 |   1 |  125.0 |
          Lair |    824 |    824 |      0 |      0 |    621 |   2 |  412.0 |
               +--------+--------+--------+--------+--------+-----+--------+

Top non-repeatable levels by time:
     D:1: 1438 daAuts
     D:5: 1296 daAuts
     D:2: 1079 daAuts
     D:4: 990 daAuts
     D:6: 889 daAuts
    D:10: 875 daAuts
     D:7: 864 daAuts
     D:9: 788 daAuts
  Lair:2: 751 daAuts
     D:8: 741 daAuts
     D:3: 624 daAuts
    D:11: 254 daAuts
  Temple: 125 daAuts
  Lair:1: 73 daAuts
